 Dungeon Crawl Stone Soup version 0.31-a0-133-gaae73658be (console) character file.

Game seed: 18184051225553458464

2 petzl the Sneak (level 1, -1/18 HPs)
             Began as a Formicid Delver on June 2, 2023.
             Slain by a white imp (5 damage)
             ... on level 5 of the Dungeon.
             The game lasted 00:00:21 (42 turns).

petzl the Sneak (Formicid Delver)                     Turns: 42, Time: 00:00:21

Health: -1/18      AC:  3    Str: 16    XL:     1   Next: 33%
Magic:  1/1        EV: 12    Int:  9    God:
Gold:   0          SH:  0    Dex: 15    Spells: 0/0 levels left

rFire   . . .        a - +0 mace
rCold   . . .        (no shield)
rNeg    . . .        b - +0 leather armour
rPois   .            (helmet unavailable)
rElec   .            (no cloak)
rCorr   .            (no gloves)
SInv    +            (no boots)
Will    .....        (no amulet)
Stlth   +++          (no ring)
HPRegen 0.23/turn    (no ring)
MPRegen 0.07/turn

%: no passive effects
@: no status effects
A: permanent stasis, dig shafts and tunnels, antennae 3, four strong arms
a: Dig, Shaft Self


You were on level 5 of the Dungeon.
You visited 1 branch of the dungeon, and saw 2 of its levels.

Inventory:

Hand Weapons
 a - a +0 mace (weapon)
Armour
 b - a +0 leather armour (worn)
Wands
 f - a wand of digging (3)
Scrolls
 c - a scroll of fog
 d - a scroll of magic mapping
 e - a scroll of fear


   Skills:
 + Level 3.3 Fighting
 + Level 2.0 Maces & Flails
 + Level 1.8 Dodging
 + Level 6.0 Stealth


You couldn't memorise any spells.
You didn't know any spells.
Your spell library was empty.

Dungeon Overview and Level Annotations

Branches:
Dungeon (6/15)
 Temple: D:4-7

Altars:


Innate Abilities, Weirdness & Mutations

You cannot be hasted, slowed, berserked, paralysed or teleported.
You can dig through walls and to a lower floor.
You have a pair of large antennae on your head. (SInv)
Your four strong arms can wield two-handed weapons with a shield.


Message History

You hit the orc.
You kill the orc!
Things that are here:
a +0 dagger {!f =f}; an orc corpse You start resting.
A phantom comes into view.
Found 3 stones.
You open the door.
A white imp comes into view.
There is an open door here.
Found a glowing falchion.
You close the door.
The white imp shouts, "Away with thee, thou mangled bat-fowling tiler!"
The white imp gestures at you. The puff of frost hits you!
The white imp misses you.
You hit the white imp but do no damage. The white imp barely misses you.
You hit the white imp.
The white imp is moderately wounded.
The white imp hits you but does no damage.
You closely miss the white imp.
The white imp is moderately wounded.
The white imp barely misses you.
You hit the white imp.
The white imp is severely wounded.
The white imp hits you but does no damage.
The white imp gestures at you. The puff of frost misses you.
You closely miss the white imp.
The white imp is severely wounded.
The white imp hits you. The white imp freezes you.
You barely miss the white imp.
The white imp is severely wounded.
The white imp barely misses you.
You hit the white imp but do no damage.
The white imp is heavily wounded.
The white imp closely misses you. The white imp hits you.
* * * LOW HITPOINT WARNING * * *
The white imp freezes you.
You die...

####### #>)...#
#.###.# ##.###.######
.............#
......#.###..#
...{....##...##
.......#.#(....#
#...#.....##...######
. ##. #####.........
. #.######## ## #.#
##+## ##...##
##.....## ##.......##
#....@....#
+.....5...+
#.........#
##.......## ##...).##
##...## ##+##


You could see a white imp.

Vanquished Creatures
  An orc (D:5)
1 creature vanquished.

Notes
Turn   | Place    | Note
-------+----------+-------------------------------------------
     0 | D:5      | petzl the Formicid Delver began the quest for the Orb.
     0 | D:5      | Reached XP level 1. HP: 18/18 MP: 1/1
     3 | D:6      | Noticed an orc wizard
    14 | D:5      | Noticed a phantom
    42 | D:5      | Slain by a white imp

Illustrated notes

Levels and vault maps discovered:
D:5:      layout_loops_corners, amethyst_overflow_temple_binary, serial_shops,
          shop, nicolae_shop_waterfront
D:6:      kennysheep_windowed_halls, layout_basic, dreamdust_princess_corridor,
          st_stairs_14, uniq_eustachio

Action                     || total
---------------------------++-------
  Melee: Mace              ||    12
 Armour: Leather armour    ||     3
  Dodge: Dodged            ||     8

Table legend: (Time is in decaauts)
 A = Elapsed time spent in this place.
 B = Non-inter-level travel time spent in this place.
 C = Inter-level travel time spent in this place.
 D = Time resting spent in this place.
 E = Time spent auto-exploring this place.
 F = Levels seen in this place.
 G = Mean time per level.
                   A        B        C        D        E       F      G
               +--------+--------+--------+--------+--------+-----+--------+
         Total |     45 |     45 |      0 |      3 |      0 |   2 |   22.5 |
       Dungeon |     45 |     45 |      0 |      3 |      0 |   2 |   22.5 |
               +--------+--------+--------+--------+--------+-----+--------+

Top non-repeatable levels by time:
     D:5: 41 daAuts
     D:6: 3 daAuts
